[Event "Titled Tuesday Blitz October 25 Late 2022"]
[White "Timmermans, Mark"]
[Black "Sorokin, Aleksey"]
[WhiteFideId "1026399"]
[BlackFideId "24176460"]
[WhiteElo "2460"]
[BlackElo "2476"]
[Result "1/2-1/2"]
[Round "10"]
[TimeControl "180+1"]
[Date "2022.10.26"]
[WhiteClock "0:00:30"]
[BlackClock "0:00:59"]

1. b4 a5 2. b5 a4 3. a3 c6 4. c4 d5 5. e3 dxc4 6. Bxc4 cxb5 7. Bxb5+ Bd7 8. Be2 Na6 9. d4 e5 10. Nf3 e4 11. Nfd2 Nf6 12. O-O Bd6 13. Nc4 Bc7 14. Ne5 O-O 15. Nc3 Be8 16. Nxa4 Nd7 17. Nxd7 Bxd7 18. Nc3 Bxh2+ 19. Kxh2 Qc7+ 20. Kg1 Qxc3 21. Bd2 Qc7 22. Qb1 Rfe8 23. Rc1 Qb8 24. Bb5 Bxb5 25. Qxb5 Nc7 26. Qc4 Ne6 27. Qd5 Nf8 28. Rab1 b6 29. Rc6 Rxa3 30. Rcxb6 Qd8 31. Qxd8 Rxd8 32. Rb8 Ra8 33. Rxd8 Rxd8 34. g4 h6 35. Rb5 Nh7 36. Bb4 Ng5 37. Kg2 f6 38. Rb6 Rd7 39. Bd6 Kf7 40. Bf4 Nf3 41. Rc6 Ra7 42. Rc7+ Rxc7 43. Bxc7 Ke6 44. Ba5 g6 45. Bb4 h5 46. gxh5 gxh5 47. Bf8 h4 48. Kh3 Kf5 49. Bg7 Kg6 50. Bh8 Kf5 51. d5 Ke5 52. d6 Ke6 53. d7 Kxd7 54. Bxf6 Ke6 55. Bxh4 Kd5 56. Bg3 Kc4 57. Kg4 Kd3 58. Kf4 Nd2 59. Bh4 Nb3 60. f3 Nd2 61. fxe4 Nxe4 1/2-1/2


[Site "https://www.chess.com"]

[Event "Titled Tuesday Blitz October 25 Late 2022"]
[White "Vargas, Mauricio"]
[Black "Silva Rosas, Natalia"]
[WhiteFideId "4404572"]
[BlackFideId "3000575"]
[WhiteElo "2025"]
[BlackElo "1752"]
[Result "0-1"]
[Round "10"]
[TimeControl "180+1"]
[Date "2022.10.26"]
[WhiteClock "0:00:25"]
[BlackClock "0:00:05"]

1. e4 c5 2. Nc3 Nc6 3. f4 e6 4. Nf3 d5 5. Bb5 Ne7 6. e5 a6 7. Bxc6+ Nxc6 8. O-O c4 9. d4 cxd3 10. cxd3 Bc5+ 11. d4 Ba7 12. Be3 f5 13. exf6 Qxf6 14. a3 O-O 15. Qe1 Bd7 16. Qg3 Nxd4 17. Ne5 Nf5 18. Nxd7 Bxe3+ 19. Qxe3 Nxe3 20. Nxf6+ Rxf6 21. Rf3 Nc2 22. Rd1 d4 23. Ne4 Rg6 24. Rd2 Ne3 25. Rxd4 Nxg2 26. Rdd3 Nxf4+ 27. Kf2 Nxd3+ 28. Rxd3 Rf8+ 29. Ke3 e5 30. b4 b5 31. Rd7 Rh6 32. Rd2 Rh3+ 33. Ke2 Rxh2+ 34. Kd3 Rxd2+ 35. Kxd2 Rf4 36. Kd3 h5 37. Ng5 g6 38. Ne6 Rf3+ 39. Ke4 Rxa3 40. Kxe5 Ra4 41. Nc5 Rxb4 42. Nxa6 Rc4 43. Kf6 Kh7 44. Ke5 Kh6 45. Nb8 h4 46. Nd7 h3 47. Kf6 Rc6+ 48. Ke5 h2 49. Kd5 Rc1 50. Ne5 h1=Q+ 51. Kd6 Qh2 52. Ke6 Qxe5+ 53. Kxe5 Kg5 54. Kd4 b4 55. Kd3 b3 56. Kd2 b2 57. Kd3 b1=Q+ 58. Ke3 Qb3+ 59. Ke4 Rc4+ 60. Kd5 Qb5+ 61. Ke6 Rc6+ 62. Kf7 Qb7+ 63. Kg8 Rc8# 0-1


[Site "https://www.chess.com"]

[Event "Titled Tuesday Blitz October 25 Late 2022"]
[White "Varriale, Luca"]
[Black "Thiel, Thomas"]
[WhiteFideId "882461"]
[BlackFideId "4615964"]
[WhiteElo "2245"]
[BlackElo "2232"]
[Result "1/2-1/2"]
[Round "10"]
[TimeControl "180+1"]
[Date "2022.10.26"]
[WhiteClock "0:00:57"]
[BlackClock "0:01:06"]

1. e4 d5 2. exd5 Nf6 3. Nc3 Nxd5 4. Bc4 Nb6 5. Bb3 Nc6 6. a3 Bf5 7. d3 e6 8. Nge2 Bc5 9. O-O O-O 10. Ng3 Bg6 11. Nge4 Be7 12. Be3 Nd4 13. Ba2 Rc8 14. Ne2 Nxe2+ 15. Qxe2 Nd5 16. Bd2 Bf6 17. Nxf6+ Qxf6 18. Bxd5 exd5 19. Bc3 Qe6 20. Qxe6 fxe6 21. Rfe1 Kf7 22. Re5 c5 23. Rae1 Rfe8 24. g4 c4 25. dxc4 Rxc4 26. h3 Bxc2 27. f3 Rc6 28. f4 Be4 29. f5 exf5 30. Rxe8 Kxe8 31. gxf5 Kf7 32. Rf1 Rc4 33. f6 g6 34. Rd1 Ke6 35. Rd4 Rxd4 36. Bxd4 a6 37. Kf2 Bf5 38. h4 Bg4 39. Kg3 Bh5 40. Kf4 h6 41. Bc3 Bd1 42. Bd4 Bc2 1/2-1/2


[Site "https://www.chess.com"]

[Event "Titled Tuesday Blitz October 25 Late 2022"]
[White "Yanayt, Eugene"]
[Black "Aguilar, Juan"]
[WhiteFideId "2020165"]
[BlackFideId "3800091"]
[WhiteElo "2046"]
[BlackElo "2421"]
[Result "0-1"]
[Round "10"]
[TimeControl "180+1"]
[Date "2022.10.26"]
[WhiteClock "0:00:15"]
[BlackClock "0:00:34"]

1. Nf3 Nf6 2. g3 d5 3. Bg2 c6 4. O-O Bg4 5. Ne5 Bf5 6. c4 Nbd7 7. d4 e6 8. Nc3 Bd6 9. f4 O-O 10. h3 h6 11. g4 Bh7 12. g5 hxg5 13. fxg5 Ne4 14. Nxe4 Bxe4 15. Bxe4 dxe4 16. Nxd7 Qxd7 17. Qc2 e5 18. Qxe4 exd4 19. Qf5 Qxf5 20. Rxf5 Rae8 21. Kf2 Re4 22. Bd2 Rfe8 23. Re1 g6 24. Rf3 b5 25. cxb5 cxb5 26. b4 Bc7 27. Kf1 Bb6 28. Rf6 R8e6 29. Rxe6 Rxe6 30. Kg2 Kg7 31. Kf3 Re5 32. e3 Rf5+ 33. Ke4 dxe3 34. Bxe3 Bxe3 35. Rxe3 Rxg5 36. Rc3 Rh5 37. Kf4 Rh4+ 38. Kg3 Rxb4 39. Ra3 Ra4 40. Rb3 a6 41. Rf3 Rxa2 0-1


[Site "https://www.chess.com"]

[Event "Titled Tuesday Blitz October 25 Late 2022"]
[White "Yeletsky, Ivan"]
[Black "Kirillov, Dmitry"]
[WhiteFideId "24180327"]
[BlackFideId "34180572"]
[WhiteElo "2391"]
[BlackElo "2095"]
[Result "1-0"]
[Round "10"]
[TimeControl "180+1"]
[Date "2022.10.26"]
[WhiteClock "0:00:10"]
[BlackClock "0:00:02"]

1. c4 e6 2. g3 d5 3. Nf3 c6 4. Bg2 dxc4 5. O-O b5 6. Ne1 Bb7 7. a4 Qc8 8. d3 cxd3 9. Nxd3 Nf6 10. Nc3 b4 11. Ne4 Nxe4 12. Bxe4 a5 13. Bf4 Be7 14. Ne5 O-O 15. Qc2 f5 16. Bg2 c5 17. Bxb7 Qxb7 18. Rad1 Bf6 19. Qxc5 Rc8 20. Qe3 Nc6 21. Rd7 Rc7 22. Rd6 Re8 23. Rfd1 g5 24. Nxc6 gxf4 25. Qf3 fxg3 26. hxg3 Be7 27. Rxe6 Rec8 28. Rc1 Rf8 29. Rc4 Rd7 30. Kg2 Bf6 31. b3 Bg7 32. Nxa5 Qxf3+ 33. exf3 Rd2 34. Nc6 Rf6 35. Rxf6 Bxf6 36. Rxb4 Rb2 37. a5 Kg7 38. a6 Ra2 39. a7 Bd4 40. Rxd4 1-0


[Site "https://www.chess.com"]

[Event "Titled Tuesday Blitz October 25 Late 2022"]
[White "Yoo, Christopher Woojin"]
[Black "Li, Ben"]
[WhiteFideId "30909694"]
[BlackFideId "2089980"]
[WhiteElo "2463"]
[BlackElo "2267"]
[Result "1-0"]
[Round "10"]
[TimeControl "180+1"]
[Date "2022.10.26"]
[WhiteClock "0:00:57"]
[BlackClock "0:00:11"]

1. d4 d5 2. c4 e6 3. Nc3 Bb4 4. Nf3 Nf6 5. Qb3 c5 6. dxc5 Nc6 7. Bg5 d4 8. O-O-O h6 9. Bh4 g5 10. Bg3 Bxc5 11. Nb5 O-O 12. e3 e5 13. Nxe5 Nxe5 14. Bxe5 Ng4 15. Bxd4 Bxd4 16. Rxd4 Qf6 17. f3 Ne5 18. Nc7 Rb8 19. Nd5 Qe6 20. f4 Nc6 21. Rd1 b5 22. Qc3 f6 23. cxb5 Ne7 24. Bc4 Kg7 25. fxg5 hxg5 26. h4 Nxd5 27. Bxd5 Qe5 28. Qxe5 fxe5 29. hxg5 Rxb5 30. Be4 Bf5 31. Bxf5 Rxf5 32. Rd7+ Kg6 33. Rhd1 Rf2 34. R7d2 Rf8 35. b3 Kxg5 36. Rd7 Rc5+ 37. Kb2 Rf2+ 38. R1d2 Rf1 39. Rxa7 Kg4 40. Rg7+ Kh5 41. g3 Kh6 42. Rg4 Rh1 43. Rh4+ Rxh4 44. gxh4 Kh5 45. b4 Rb5 46. Kb3 Kxh4 47. a4 Rb8 48. Rd5 Kg4 49. Rxe5 Kf3 50. b5 1-0


[Site "https://www.chess.com"]

[Event "Titled Tuesday Blitz October 25 Late 2022"]
[White "Yuan, Qingyu"]
[Black "Sargsyan, Anna M."]
[WhiteFideId "8609772"]
[BlackFideId "13308130"]
[WhiteElo "2359"]
[BlackElo "2284"]
[Result "1/2-1/2"]
[Round "10"]
[TimeControl "180+1"]
[Date "2022.10.26"]
[WhiteClock "0:00:04"]
[BlackClock "0:00:06"]

1. d4 d5 2. Bf4 Nf6 3. e3 c6 4. c4 g6 5. Nc3 Bg7 6. Nf3 O-O 7. h3 Be6 8. c5 b6 9. b4 a5 10. a3 axb4 11. axb4 Rxa1 12. Qxa1 bxc5 13. bxc5 Nbd7 14. Bd3 h6 15. O-O Qa8 16. Rb1 Nh5 17. Bh2 Qxa1 18. Rxa1 Nxc5 19. Bc2 Nd7 20. Ba4 Rc8 21. Rc1 Nb6 22. Bb3 c5 23. dxc5 Rxc5 24. Ne2 Rxc1+ 25. Nxc1 Nf6 26. Nd4 Bd7 27. Nd3 Ne4 28. Bc7 Nc4 29. Nb4 e6 30. Nbc6 g5 31. Bc2 Nc5 32. Kf1 f5 33. Ke2 Kf7 34. f4 gxf4 35. exf4 Ne4 36. g4 fxg4 37. hxg4 Ned6 38. Nd8+ Ke7 39. N8c6+ Ke8 40. Bg6+ Kf8 41. Bd8 Bxc6 42. Nxc6 Kg8 43. Kf3 Nb5 44. f5 exf5 45. gxf5 Ne5+ 46. Nxe5 Bxe5 47. f6 Nd6 48. Bc7 Kf8 49. Kg4 Nf7 50. Bb6 Bxf6 51. Kf5 Kg7 52. Bh5 Nd6+ 53. Ke6 Ne4 54. Kxd5 Ng5 55. Bg4 Nf7 56. Bf5 Ne5 57. Ke6 Ng6 58. Be4 Nf4+ 59. Kf5 Nh5 60. Bf3 Ng3+ 61. Kg4 Be5 62. Bf2 Kf6 63. Be3 h5+ 64. Kh3 Nf5 65. Bf2 h4 66. Bg4 Ng3 67. Kxh4 Ne4 68. Be3 Ke7 69. Bf5 Nd6 70. Bd3 Bf6+ 71. Kg4 Ke6 72. Bc5 Kd5 73. Ba3 Be5 74. Kf3 Nc4 75. Be4+ Kd4 76. Bb4 Bd6 77. Be1 Ne5+ 78. Ke2 Kxe4 79. Bg3 Bc5 80. Bxe5 1/2-1/2


[Site "https://www.chess.com"]

[Event "Titled Tuesday Blitz October 25 Late 2022"]
[White "Yurovskykh, Oleksandr"]
[Black "Amburgy, Ryan"]
[WhiteFideId "14134020"]
[BlackFideId "30924820"]
[WhiteElo "2303"]
[BlackElo "2121"]
[Result "0-1"]
[Round "10"]
[TimeControl "180+1"]
[Date "2022.10.26"]
[WhiteClock "0:00:01"]
[BlackClock "0:00:22"]

1. d4 Nf6 2. Nf3 b6 3. Bg5 e6 4. e3 Bb7 5. Bd3 Be7 6. Nbd2 d5 7. c3 O-O 8. Qc2 Nbd7 9. e4 dxe4 10. Nxe4 h6 11. Bxf6 Bxf6 12. O-O Re8 13. Rad1 Be7 14. Rfe1 Nf6 15. Nxf6+ Bxf6 16. Be4 Bd5 17. Bxd5 Qxd5 18. Qb3 Rad8 19. Qxd5 Rxd5 20. Kf1 Red8 21. Ke2 Kf8 22. Rd2 a5 23. a4 g6 24. Red1 c6 25. Rd3 R5d7 26. Nd2 Be7 27. Nc4 Rb7 28. Ra1 Rd5 29. g3 c5 30. dxc5 Rxc5 31. Na3 h5 32. Nb5 h4 33. g4 Rb8 34. h3 Rd8 35. Rxd8+ Bxd8 36. Rd1 Be7 37. b3 Bf6 38. c4 Be7 39. Rd7 Re5+ 40. Kf1 Bb4 41. Rd1 f5 42. gxf5 exf5 43. Nd4 Bc5 44. Nf3 Re4 45. Re1 Rxe1+ 46. Kxe1 Be7 47. Ne5 Kg7 48. Ke2 g5 49. f3 Bd6 50. Nd3 Kf6 51. Ke3 Bc5+ 52. Ke2 Ke6 53. Ne1 Ke5 54. Ng2 Be7 55. Kd3 g4 56. fxg4 fxg4 57. hxg4 h3 58. Ne1 Kf4 59. Ke2 h2 60. Nd3+ Kg3 61. Nf2 Bc5 62. Nh1+ Kg2 63. g5 Kxh1 64. Kf1 Bd4 65. g6 Bg7 66. Kf2 Bf6 67. Kf1 Bd4 68. Ke2 Kg2 0-1


[Site "https://www.chess.com"]

[Event "Titled Tuesday Blitz October 25 Late 2022"]
[White "Yurtseven, Melih"]
[Black "Romero Ruscalleda, Josep"]
[WhiteFideId "6312160"]
[BlackFideId "2231859"]
[WhiteElo "2218"]
[BlackElo "2337"]
[Result "1-0"]
[Round "10"]
[TimeControl "180+1"]
[Date "2022.10.26"]
[WhiteClock "0:00:03"]
[BlackClock "0:00:01"]

1. e4 g6 2. d4 Bg7 3. Nf3 d6 4. Bc4 Nf6 5. Qe2 O-O 6. e5 dxe5 7. dxe5 Nd5 8. h3 c6 9. O-O Be6 10. Rd1 Qc8 11. Bg5 Re8 12. a4 Nc7 13. Bd3 f6 14. Bf4 Nd7 15. Nc3 Nc5 16. Bc4 Bxc4 17. Qxc4+ N5e6 18. exf6 exf6 19. Bxc7 Qxc7 20. Ne4 Kh8 21. Rd6 Qe7 22. Rad1 Nf4 23. Nc5 Nd5 24. Rd7 Qe2 25. Qxe2 Rxe2 26. Rxb7 Rxc2 27. Ne6 Bh6 28. Nfd4 Rc4 29. a5 Re8 30. Nc7 Nxc7 31. Rxc7 c5 32. Nb5 Rb4 33. Nxa7 1-0


[Site "https://www.chess.com"]

[Event "Titled Tuesday Blitz October 25 Late 2022"]
[White "Zilleruelo Irizarry, Diego"]
[Black "Gogolev, Artem"]
[WhiteFideId "3101460"]
[BlackFideId "4116615"]
[WhiteElo "1998"]
[BlackElo "2178"]
[Result "1-0"]
[Round "10"]
[TimeControl "180+1"]
[Date "2022.10.26"]
[WhiteClock "0:00:13"]
[BlackClock "0:00:02"]

1. e4 c6 2. d4 d5 3. exd5 cxd5 4. Bd3 Nc6 5. c3 Nf6 6. h3 e5 7. dxe5 Nxe5 8. Nf3 Nxd3+ 9. Qxd3 Bd6 10. O-O O-O 11. Bg5 Be6 12. Nd4 h6 13. Nxe6 fxe6 14. Be3 e5 15. Nd2 Qe7 16. Nb3 e4 17. Qd2 Qe5 18. g3 Qh5 19. Kg2 b6 20. Nd4 Rae8 21. Qe2 Qg6 22. Rad1 h5 23. Nb5 Bb8 24. c4 h4 25. g4 dxc4 26. Nd6 Re5 27. Nxc4 Rg5 28. Bxg5 Qxg5 29. Ne3 Qf4 30. Rh1 Nh7 31. Rd5 Ng5 32. Rf5 Rxf5 33. Nxf5 g6 34. Nxh4 Ne6 35. Nxg6 Qf6 36. Qxe4 1-0


[Site "https://www.chess.com"]

[Event "Titled Tuesday Blitz October 25 Late 2022"]
[White "Adla, Diego"]
[Black "Garayev, Kanan"]
[WhiteFideId "100072"]
[BlackFideId "13406671"]
[WhiteElo "2377"]
[BlackElo "2244"]
[Result "0-1"]
[Round "11"]
[TimeControl "180+1"]
[Date "2022.10.26"]
[WhiteClock "0:01:49"]
[BlackClock "0:01:31"]

1. c4 Nf6 2. Nc3 e5 3. Nf3 e4 4. Ng5 c6 5. Ngxe4 Nxe4 6. Nxe4 d5 7. cxd5 cxd5 8. Ng3 h5 9. e3 h4 10. Ne2 h3 11. gxh3 Nc6 12. b3 Qf6 13. Rb1 Bf5 14. Bb2 Qe7 15. Rc1 Rh4 16. Ng3 Bd7 17. Bg2 O-O-O 18. Qe2 Kb8 19. Bxd5 Nb4 20. Bg2 Bxh3 21. O-O Bxg2 22. Kxg2 Nd3 23. Rc2 Qd7 24. Rh1 Nxb2 25. Rxb2 Ba3 26. Rc2 Qh3+ 27. Kg1 Qe6 28. Qc4 Rxc4 0-1


[Site "https://www.chess.com"]

[Event "Titled Tuesday Blitz October 25 Late 2022"]
[White "Aggelis, Nikolaos"]
[Black "Brown, Andrew"]
[WhiteFideId "4213220"]
[BlackFideId "3206513"]
[WhiteElo "2187"]
[BlackElo "2245"]
[Result "1-0"]
[Round "11"]
[TimeControl "180+1"]
[Date "2022.10.26"]
[WhiteClock "0:00:06"]
[BlackClock "0:00:03"]

1. d4 g6 2. Nf3 Bg7 3. g3 d5 4. Bg2 Nh6 5. O-O Nf5 6. c4 dxc4 7. d5 Nd6 8. Nc3 b5 9. Be3 b4 10. Bd4 O-O 11. Bxg7 Kxg7 12. Qd4+ f6 13. Ne4 Ba6 14. Nc5 Bc8 15. Ng5 Kh8 16. Nge6 Bxe6 17. Nxe6 Qc8 18. e4 c5 19. Qd2 Nd7 20. Qh6 Rg8 21. f4 Nf8 22. Bh3 Nxe6 23. Bxe6 Qf8 24. Qh4 Nxe4 25. f5 Ng5 26. Bxg8 Kxg8 27. fxg6 hxg6 28. Qxc4 Rc8 29. Rae1 Kg7 30. h4 Nf7 31. Re6 Nd6 32. Qe2 Rc7 33. Re1 Nf5 34. g4 Nd4 35. Rxe7+ Kg8 36. Qe4 Rxe7 37. Qxe7 Nf3+ 38. Kf2 Nxe1 39. Qe6+ Qf7 40. Qxf7+ Kxf7 41. Kxe1 c4 42. h5 g5 43. h6 f5 44. d6 fxg4 45. h7 c3 46. bxc3 Kg7 47. d7 bxc3 48. d8=Q 1-0


[Site "https://www.chess.com"]

[Event "Titled Tuesday Blitz October 25 Late 2022"]
[White "Aghasiyev, Kamal"]
[Black "Yuan, Qingyu"]
[WhiteFideId "13402854"]
[BlackFideId "8609772"]
[WhiteElo "2341"]
[BlackElo "2359"]
[Result "0-1"]
[Round "11"]
[TimeControl "180+1"]
[Date "2022.10.26"]
[WhiteClock "0:00:01"]
[BlackClock "0:00:40"]

1. d4 d5 2. c4 e6 3. Nc3 Nf6 4. cxd5 exd5 5. Bg5 c6 6. e3 h6 7. Bh4 Be7 8. Bd3 O-O 9. Qc2 Re8 10. Nge2 Nbd7 11. O-O a5 12. f3 b5 13. e4 b4 14. Na4 dxe4 15. fxe4 c5 16. e5 Nd5 17. Bh7+ Kh8 18. Rxf7 Bxh4 19. Raf1 Nf8 20. Be4 Be6 21. Nxc5 Bxf7 22. Rxf7 Rc8 23. Qd3 Rc7 24. Bxd5 Rxf7 25. Bxf7 Re7 26. Bb3 Rc7 27. Qe4 Be7 28. Nd3 Qe8 29. g3 a4 30. Bd5 Qb5 31. Nef4 a3 32. b3 Rc2 33. Bc4 Qe8 34. Qd5 Nh7 35. Qe6 Ng5 36. Qf5 Nf3+ 37. Kf1 Nd2+ 38. Ke1 Nxc4 39. bxc4 Rxa2 40. Ng6+ Kg8 41. Qe6+ Kh7 42. Nxe7 Rxh2 43. Nf4 a2 0-1


[Site "https://www.chess.com"]

[Event "Titled Tuesday Blitz October 25 Late 2022"]
[White "Aguilar, Juan"]
[Black "Ali Abdullahi, Farah"]
[WhiteFideId "3800091"]
[BlackFideId "16100212"]
[WhiteElo "2427"]
[BlackElo "2253"]
[Result "1-0"]
[Round "11"]
[TimeControl "180+1"]
[Date "2022.10.26"]
[WhiteClock "0:00:10"]
[BlackClock "0:00:08"]

1. d4 e6 2. c4 d5 3. Nf3 c5 4. cxd5 exd5 5. Nc3 Nc6 6. g3 Nf6 7. Bg2 Be7 8. O-O O-O 9. dxc5 Bxc5 10. Na4 Bb6 11. Nxb6 axb6 12. Qb3 Be6 13. Ng5 Bg4 14. Re1 Re8 15. Be3 h6 16. Bxb6 Qd7 17. Nf3 Ra6 18. Rad1 Na5 19. Bxa5 Rxa5 20. Qc3 Rxa2 21. Ne5 Qc8 22. Nxg4 Qxg4 23. Qb3 Ra5 24. Bf3 Qf5 25. Qxb7 Qc2 26. Qb4 Qc7 27. Rc1 Qa7 28. Red1 Rb8 29. Qd2 Rab5 30. Rc2 Qa2 31. Rdc1 Rxb2 32. Rxb2 Qxb2 33. Qxb2 Rxb2 34. Rc8+ Kh7 35. Rd8 Rb5 36. Kg2 Kg6 37. h4 Kf5 38. Ra8 g5 39. hxg5 hxg5 40. e3 g4 41. Be2 Rb2 42. Bd3+ Ke6 43. Ra6+ Ke5 44. Ra7 Rd2 45. Bb1 Rd1 46. Ba2 Ne4 47. Rxf7 Rd2 48. Bb1 Nc3 49. Bh7 Nd1 50. Kf1 Ke6 51. Rf4 Nxe3+ 52. fxe3 Rh2 53. Bf5+ Ke5 54. Bxg4 Rb2 55. Be2 Rb3 56. Kf2 Rb2 57. Kf3 Rb3 58. Rh4 Ra3 59. Rh5+ Ke6 60. g4 d4 61. Rh6+ Ke5 62. Rh8 Rxe3+ 63. Kf2 Kf4 64. Rf8+ Kg5 65. Rf5+ Kg6 66. Rd5 Re4 67. Bd3 1-0


[Site "https://www.chess.com"]

[Event "Titled Tuesday Blitz October 25 Late 2022"]
[White "Amburgy, Ryan"]
[Black "Hambleton, Aman"]
[WhiteFideId "30924820"]
[BlackFideId "2606577"]
[WhiteElo "2121"]
[BlackElo "2538"]
[Result "0-1"]
[Round "11"]
[TimeControl "180+1"]
[Date "2022.10.26"]
[WhiteClock "0:00:06"]
[BlackClock "0:00:10"]

1. Nf3 d5 2. e3 c6 3. c4 Nf6 4. Nc3 Bg4 5. Qb3 Qb6 6. cxd5 Bxf3 7. gxf3 Qxb3 8. axb3 Nxd5 9. d4 e6 10. Bd2 Nd7 11. Bd3 a6 12. Ke2 g6 13. e4 N5f6 14. Bf4 Nh5 15. Be3 Bd6 16. e5 Be7 17. Ne4 Ng7 18. Nd2 h5 19. Nc4 Rb8 20. Rac1 O-O 21. Rhg1 Kh7 22. Bb1 Rfd8 23. Be4 Nf8 24. Rc2 Nf5 25. Bxf5 exf5 26. Rd1 Ne6 27. f4 Nc7 28. Nb6 Nd5 29. Nxd5 Rxd5 30. Rc4 Rbd8 31. Rdc1 Rb5 32. R1c3 Kg8 33. Kf3 Kf8 34. Ke2 Ke8 35. Kf3 Kd7 36. Ke2 Ke6 37. Kf3 Rdd5 38. Ke2 Bb4 39. Rc2 Ba5 40. Rc5 Rdxc5 41. Rxc5 Rxc5 42. dxc5 Bb4 43. Kd3 Kd5 44. f3 Bxc5 45. Bd2 Bd4 46. Bc1 c5 47. h3 b6 48. Kc2 b5 49. Kd3 Bf2 50. Bd2 Bg3 51. Bc1 Be1 52. Ke2 Bb4 53. Kd3 a5 54. Be3 a4 55. bxa4 bxa4 56. Bc1 c4+ 57. Kc2 Kd4 58. Kd1 Kd3 59. h4 Ba5 60. e6 fxe6 61. b3 cxb3 62. Bd2 b2 63. Bxa5 b1=Q# 0-1


[Site "https://www.chess.com"]

[Event "Titled Tuesday Blitz October 25 Late 2022"]
[White "Arnold, Ken"]
[Black "Rodriguez Santiago, Jaime"]
[WhiteFideId "2056836"]
[BlackFideId "3100898"]
[WhiteElo "2301"]
[BlackElo "2025"]
[Result "1-0"]
[Round "11"]
[TimeControl "180+1"]
[Date "2022.10.26"]
[WhiteClock "0:00:22"]
[BlackClock "0:00:12"]

1. d4 g6 2. c4 Bg7 3. Nf3 d6 4. Nc3 Nf6 5. Bf4 O-O 6. h3 c6 7. e3 Nbd7 8. Be2 Re8 9. Bh2 Nf8 10. O-O N6d7 11. Qc2 e5 12. dxe5 dxe5 13. Rfd1 Qe7 14. Rac1 f5 15. a3 a5 16. Na4 Ne6 17. c5 Nc7 18. Bc4+ Kh8 19. b4 axb4 20. axb4 Nf8 21. Nb6 Ra7 22. h4 Be6 23. Nxe5 Bxc4 24. Nexc4 Nb5 25. h5 Qh4 26. Nd6 Re7 27. Nxb5 cxb5 28. hxg6 hxg6 29. Bg3 Qh5 30. Rd8 Kh7 31. Qd3 Ne6 32. Rd7 Rxd7 33. Nxd7 Ng5 34. Qxb5 Ra2 35. Qxb7 Kh6 36. Bf4 Qe2 37. Rf1 Kh5 38. Bxg5 Kxg5 39. Qd5 Bc3 40. b5 Be1 41. Qf3 Qxf3 42. gxf3 Ba5 43. b6 Rd2 44. b7 Bc7 45. b8=Q Bxb8 46. Nxb8 Rb2 47. Nd7 Rb7 48. Ne5 Rc7 49. c6 Kf6 50. f4 g5 51. Kg2 gxf4 52. exf4 Ke6 53. Rd1 1-0


[Site "https://www.chess.com"]

[Event "Titled Tuesday Blitz October 25 Late 2022"]
[White "Baglan, Esat"]
[Black "Zilleruelo Irizarry, Diego"]
[WhiteFideId "6309216"]
[BlackFideId "3101460"]
[WhiteElo "2231"]
[BlackElo "1998"]
[Result "1-0"]
[Round "11"]
[TimeControl "180+1"]
[Date "2022.10.26"]
[WhiteClock "0:01:06"]
[BlackClock "0:01:05"]

1. e4 c6 2. Nc3 d5 3. Nf3 Bg4 4. h3 Bxf3 5. Qxf3 e6 6. d3 Nf6 7. g4 dxe4 8. dxe4 h6 9. e5 Nd5 10. Ne4 Nd7 11. Qg3 Nb4 12. Bd3 Nxd3+ 13. cxd3 Qa5+ 14. Bd2 Qxe5 15. Bf4 Bb4+ 16. Kf1 Qxb2 17. Kg2 O-O 18. Rab1 Qd4 19. Be3 Qxd3 20. Rxb4 a5 21. Rd4 Qc2 22. Rc1 Qxa2 23. Rxd7 Rfd8 24. Rcd1 Rxd7 25. Rxd7 a4 26. Qe5 Qb1 27. Bd4 f6 28. Rxg7+ 1-0


[Site "https://www.chess.com"]

[Event "Titled Tuesday Blitz October 25 Late 2022"]
[White "Banzea, Alexandru-Bogdan"]
[Black "Sztokbant, Bernardo Vainzoff"]
[WhiteFideId "1232622"]
[BlackFideId "2115956"]
[WhiteElo "2294"]
[BlackElo "2171"]
[Result "1-0"]
[Round "11"]
[TimeControl "180+1"]
[Date "2022.10.26"]
[WhiteClock "0:00:13"]
[BlackClock "0:00:08"]

1. d4 d5 2. Nf3 c6 3. Bf4 Bf5 4. e3 e6 5. c4 Nd7 6. Qb3 Qb6 7. c5 Qxb3 8. axb3 Bxb1 9. Rxb1 a6 10. b4 Ngf6 11. h4 Nh5 12. Bh2 f5 13. Ra1 Rc8 14. Nd2 Be7 15. Nb3 Bd8 16. Na5 Bxa5 17. bxa5 Nhf6 18. Ra4 Ra8 19. Rb4 Ra7 20. f3 O-O 21. Kd2 Re8 22. Be2 e5 23. Ra1 f4 24. exf4 exd4 25. Rc1 g6 26. Rxd4 Nf8 27. Rb4 N6d7 28. Bd3 Ne6 29. Bg1 Rf8 30. g3 Rf7 31. Bd4 Kf8 32. Ke3 Re7 33. Kf2 Ke8 34. f5 Nxd4 35. Rxd4 gxf5 36. Bxf5 Ra8 37. Bxd7+ Kxd7 38. Re1 Rf7 39. Re5 Rg8 40. f4 Rfg7 41. Rg5 h6 42. Rxg7+ Rxg7 43. Rb4 Ke6 44. Rb3 d4 45. Rf3 Kf5 46. Ke2 Ke4 47. Rf1 Rxg3 48. f5 Rg7 49. f6 Rf7 50. Kd2 Kd5 51. Kd3 Kxc5 52. Rf5+ Kd6 53. Kxd4 Ke6 54. Rf1 Rxf6 55. Rxf6+ Kxf6 56. Kc5 Kf5 57. Kb6 Kg4 58. Kxb7 Kxh4 59. Kxa6 Kg3 60. Kb6 h5 61. a6 h4 62. a7 h3 63. a8=Q h2 64. Qg8+ Kf2 65. Qh8 Kg1 66. Qxh2+ Kxh2 67. Kxc6 1-0


[Site "https://www.chess.com"]

[Event "Titled Tuesday Blitz October 25 Late 2022"]
[White "Bilan, Danila"]
[Black "Arabidze, Meri"]
[WhiteFideId "24161918"]
[BlackFideId "13604040"]
[WhiteElo "2203"]
[BlackElo "2403"]
[Result "1-0"]
[Round "11"]
[TimeControl "180+1"]
[Date "2022.10.26"]
[WhiteClock "0:00:07"]
[BlackClock "0:00:09"]

1. d4 Nf6 2. Nf3 e6 3. g3 b5 4. Bg2 Bb7 5. O-O d5 6. Bg5 Be7 7. Nbd2 O-O 8. a4 b4 9. c3 Na6 10. Ne5 c5 11. Qb1 h6 12. Bxf6 Bxf6 13. e4 Rb8 14. exd5 Bxd5 15. Bxd5 Qxd5 16. Qe4 Bxe5 17. Qxe5 bxc3 18. bxc3 cxd4 19. cxd4 Rb2 20. Qxd5 exd5 21. Nf3 Nb4 22. Rfb1 Rxb1+ 23. Rxb1 a5 24. Rc1 Nd3 25. Rc3 Nb2 26. Rb3 Nc4 27. Rb5 Rd8 28. Kf1 f6 29. Ke2 Kh7 30. Kd3 Rc8 31. Rxd5 Nb2+ 32. Kd2 Ra8 33. Rb5 Nxa4 34. d5 Ra6 35. Kc2 Nb6 36. d6 Nc4 37. d7 Rd6 38. Rb7 Ne5 39. Nxe5 fxe5 40. Ra7 e4 41. Rxa5 Rxd7 42. Rf5 Kg6 43. Rf4 Rd4 44. Kc3 Rd3+ 45. Kc2 Rf3 46. Rxf3 exf3 47. Kd3 Kf5 48. Ke3 Kg4 49. h4 g6 50. Ke4 h5 51. Ke3 g5 52. hxg5 Kxg5 53. Ke4 Kg4 54. Ke3 Kg5 55. Kxf3 Kf5 56. Kg2 Kg4 57. f3+ Kg5 58. Kf2 Kf5 59. Ke3 Ke5 60. f4+ Kf5 61. Kf3 Kg6 62. Ke4 Kf6 63. f5 Kg5 64. Ke5 Kg4 65. f6 Kxg3 66. f7 h4 67. f8=Q h3 68. Qa8 Kh2 69. Kf4 Kg1 70. Qa1+ Kg2 71. Qb2+ Kg1 72. Kg3 h2 73. Qc1# 1-0


[Site "https://www.chess.com"]

[Event "Titled Tuesday Blitz October 25 Late 2022"]
[White "Bogaudinov, Rushan"]
[Black "Przybylski, Wojciech"]
[WhiteFideId "4129288"]
[BlackFideId "1117599"]
[WhiteElo "1945"]
[BlackElo "2221"]
[Result "1-0"]
[Round "11"]
[TimeControl "180+1"]
[Date "2022.10.26"]
[WhiteClock "0:00:20"]
[BlackClock "0:00:01"]

1. d4 Nf6 2. Nf3 d5 3. e3 e6 4. c4 dxc4 5. Bxc4 c5 6. O-O a6 7. a4 Be7 8. Nc3 cxd4 9. exd4 O-O 10. Bg5 Nc6 11. Re1 Nb4 12. Qb3 Nc6 13. Qd1 Na5 14. Ba2 b6 15. Qe2 Nc6 16. Rad1 Nb4 17. Bb1 Bb7 18. Ne5 Nbd5 19. Qd3 g6 20. Qh3 Nxc3 21. bxc3 Rc8 22. Ba2 Nd5 23. Bh6 Rxc3 24. Rd3 Rxd3 25. Nxd3 Re8 26. Rxe6 Bc8 27. Bxd5 Bg5 28. Bxg5 Bxe6 29. Qxe6 Rxe6 30. Bxd8 Rd6 31. Bxb6 Rxb6 32. h4 Rd6 33. Bf3 Rxd4 34. Nc5 Rc4 35. Nxa6 Rxa4 36. Nc5 Rxh4 37. g3 Rc4 38. Ne4 Kg7 39. g4 h6 40. Kg2 Ra4 41. Nc5 Ra3 42. Ne4 Kf8 43. Nd2 Ke7 44. Nc4 Rc3 45. Ne3 Ra3 46. Nd5+ Kd6 47. Nf6 Ke5 48. Ng8 1-0


[Site "https://www.chess.com"]